Map: Galactic Process LE

Players

VBPreina - Winner!

  • Race: Zerg Zerg
  • League: Diamond

A.I. 1 (Harder)

  • Race: Protoss Protoss

VOD

Have the link to the VOD?

Description

Time

  • Played on: Oct. 19, 2016, 1:40 p.m.
  • Length: 8:45
Show
View Real Time Build Order
Export as new Build Order

VBPreina Zerg - Winner!

Build Orders: Hatch First 

Get SALT Encoding   

  12  0:03  Drone  
  13  0:13  Overlord  
  13  0:18  Drone  
  14  0:32  Drone x2  
  16  0:36  Drone  
  17  0:53  Unknown, Hatchery  
  17  0:56  Drone  
  17  0:59  Drone  
  18  1:09  Extractor  
  17  1:14  Spawning Pool  
  17  1:17  Drone  
  17  1:20  Drone  
  18  1:29  Drone  
  19  1:40  Overlord  
  19  1:51  Drone  
  20  2:01  Queen  
  20  2:04  Zergling x2  
  20  2:05  Queen, Unknown  
  20  2:06  Zergling x2  
  26  2:08  Metabolic Boost  
  26  2:13  Drone  
  27  2:16  Drone  
  28  2:34  Drone  
  28  2:36  Unknown, Drone, Hatchery  
  29  2:43  Overlord  
  29  2:47  Drone  
  29  2:48  Drone  
  31  2:54  Drone  
  31  2:56  Overlord  
  32  3:03  Queen  
  34  3:08  Queen  
  36  3:15  Drone  
  36  3:16  Drone x2  
  36  3:19  Drone x2  
  41  3:26  Drone  
  40  3:27  Drone  
  40  3:28  Drone x2  
  40  3:32  Drone  
  44  3:35  Overlord  
  44  3:36  Extractor x2  
  44  3:39  Drone  
  43  3:44  Drone  
  43  3:47  Unknown  
  44  3:50  Drone x3  
  44  3:51  Drone x2  
  44  3:54  Overlord  
  49  3:57  Lair  
  49  4:02  Queen  
  49  4:09  Drone  
  52  4:12  Overlord, Roach Warren  
  51  4:18  Extractor  
  51  4:20  Evolution Chamber  
  51  4:22  Drone x2  
  51  4:23  Evolution Chamber  
  50  4:24  Drone  
  51  4:33  Drone  
  51  4:34  Drone x2  
  51  4:38  Drone x3  
  55  4:39  Drone x2  
  59  4:50  Drone x2  
  61  4:57  Zerg Ground Armor Level 1, Zerg Missile Weapons Level 1  
  61  4:58  Glial Reconstitution  
  61  5:01  Roach x2  
  61  5:02  Roach  
  61  5:04  Roach  
  61  5:06  Roach  
  71  5:09  Roach  
  71  5:14  Roach x2  
  77  5:15  Roach  
  77  5:17  Roach  
  77  5:19  Overlord  
  81  5:22  Overlord  
  81  5:32  Overlord  
  81  5:36  Overlord  
  81  5:37  Overlord  
  81  5:38  Roach x2  
  81  5:39  Roach x2  
  89  5:45  Roach x2  
  89  5:46  Roach x2  
  97  5:51  Roach x2  
  97  5:52  Roach  
  97  5:54  Roach  
  105  6:03  Roach x4  
  113  6:04  Roach  
  113  6:06  Roach  
  113  6:09  Roach  
  119  6:17  Drone x3  
  120  6:44  Drone  
  120  6:45  Drone x5  
  122  6:48  Extractor  
  122  6:49  Extractor  
  122  6:52  Overlord  
  122  6:53  Overlord  
  114  7:02  Overlord x3  
  114  7:04  Unknown, Hatchery  
  114  7:07  Drone x3  
  116  7:09  Drone x3  
  116  7:10  Drone x3  
  116  7:11  Overlord  
  116  7:12  Overlord x2  
  122  7:27  Roach  
  122  7:28  Roach x6  
  132  7:34  Roach  
  132  7:35  Roach x5  
  144  7:40  Overlord x2  
  144  7:41  Overlord  
  144  7:45  Roach x2  
  144  7:46  Roach  
  150  7:55  Roach x3  
  156  8:06  Overlord x2  
  156  8:08  Roach x7  
  156  8:10  Roach  
  172  8:15  Unknown  
  172  8:21  Roach x3  
  172  8:22  Roach x3  
  184  8:32  Extractor  
  184  8:33  Extractor  
Show
View Real Time Build Order
Export as new Build Order

A.I. 1 (Harder) Protoss 

Build Orders:  

Get SALT Encoding   

  12  0:01  Probe (Chrono Boost)  
  13  0:11  Probe (Chrono Boost)  
  14  0:19  Pylon  
  14  0:22  Probe (Chrono Boost)  
  15  0:37  Probe (Chrono Boost)  
  15  0:40  Gateway  
  16  0:47  Assimilator  
  16  0:48  Probe (Chrono Boost)  
  17  0:59  Probe (Chrono Boost)  
  17  1:01  Pylon  
  18  1:09  Probe (Chrono Boost)  
  19  1:23  Probe (Chrono Boost), Zealot  
  20  1:31  Cybernetics Core  
  22  1:45  Gateway  
  22  1:47  Assimilator  
  22  2:05  Stalker, Pylon  
  24  2:18  Warp Gate  
  24  2:34  Zealot  
  26  2:39  Zealot  
  28  2:46  Pylon  
  28  3:00  Stalker  
  28  3:05  Stalker  
  32  3:29  Stalker  
  34  3:34  Adept  
  34  3:38  Probe (Chrono Boost)  
  37  3:50  Probe (Chrono Boost), Pylon  
  38  3:57  Stalker  
  38  4:01  Probe (Chrono Boost)  
  41  4:03  Adept  
  43  4:10  Forge  
  43  4:13  Probe (Chrono Boost)  
  44  4:21  Pylon  
  45  4:24  Probe (Chrono Boost)  
  45  4:35  Stalker  
  45  4:36  Probe (Chrono Boost)  
  48  4:45  Stalker  
  50  5:50  Protoss Ground Weapons Level 1  
  50  5:54  Adept  
  52  5:57  Gateway  
  52  5:59  Robotics Facility  
  52  6:01  Sentry, Twilight Council  
  52  6:02  Nexus, Unknown  
  52  6:03  Photon Cannon  
  54  6:07  Pylon  
  54  6:13  Adept  
  56  6:24  Adept  
  57  6:32  Adept, Blink  
  54  6:41  Photon Cannon  
  54  6:43  Sentry  
  46  6:47  Observer  
  41  6:55  Nexus, Unknown  
  37  7:08  Observer  
  37  7:13  Stalker  
  40  7:20  Stalker  
  42  7:27  Zealot  
  34  7:35  Stalker  
  25  7:43  Stalker  
  12  8:07  Probe (Chrono Boost)  
  5  8:18  Probe (Chrono Boost)  
Tags
 
Add a new tag
Caveats
  • Supply blocks, unpowered buildings, or Contaminate may cause inaccurate times.
  • Supply counts are checked every 10 seconds.